 Dungeon Crawl Stone Soup version 0.26.1-11-gd32895ea62 (webtiles) character file.

Game seed: 12700976999304195261

198 jlumianski the Grasshopper (level 5, -2/43 HPs)
             Began as a Gnoll Warper on July 10, 2021.
             Slain by a worker ant (7 damage)
             ... on level 4 of the Dungeon.
             The game lasted 00:12:10 (3955 turns).

jlumianski the Grasshopper (Gnoll Warper)           Turns: 3955, Time: 00:12:10

Health: -2/43      AC:  5    Str: 13    XL:     5   Next: 76%
Magic:  12/12      EV: 13    Int: 17    God:
Gold:   120        SH:  0    Dex: 14    Spells: 9/14 levels left

rFire    . . .     SeeInvis .   y - +0 war axe
rCold    . . .     Faith    .   (no shield)
rNeg     . . .     Spirit   .   f - +0 ring mail (curse)
rPois    .         Reflect  .   (no helmet)
rElec    .         Harm     .   (no cloak)
rCorr    .         Rampage  .   (no gloves)
Will     .....                  (no boots)
Stlth    +.........             (no amulet)
HPRegen  0.14/turn              (no ring)
MPRegen  0.13/turn              (no ring)

@: no status effects
A: distributed training, fangs 1, strong nose
a: no special abilities


You were on level 4 of the Dungeon.
You visited 1 branch of the dungeon, and saw 4 of its levels.

You collected 120 gold pieces.

Inventory:

Hand Weapons
 a - a +1 hand axe
 t - a +1 short sword of protection
 y - a +0 war axe (weapon)
Missiles
 e - 5 boomerangs of dispersal
 i - 10 poisoned darts (quivered)
 j - 143 stones
 o - 15 sling bullets
 x - 24 bolts
Armour
 b - a +0 leather armour
 f - a cursed +0 ring mail (worn)
 k - +0 ice dragon scales
 u - a -1 ring mail
Wands
 h - a wand of flame (16)
Scrolls
 d - a scroll of blinking
 m - 2 scrolls of teleportation
 n - 2 scrolls of remove curse
 p - a scroll of magic mapping
 w - 2 scrolls of identify
Potions
 c - a potion of attraction
 g - 2 potions of curing
 l - a potion of might {unknown}
 q - a potion of ambrosia {unknown}
 r - a potion of berserk rage {unknown}
 s - a potion of haste {unknown}
 v - a potion of brilliance {unknown}


   Skills:
 + Level 4.8 Fighting
 + Level 1.6 Short Blades
 + Level 1.6 Long Blades
 + Level 4.8 Axes
 + Level 1.6 Maces & Flails
 + Level 1.6 Polearms
 + Level 1.6 Staves
 + Level 1.6 Slings
 + Level 1.6 Bows
 + Level 1.6 Crossbows
 + Level 3.0 Throwing
 + Level 3.0 Armour
 + Level 4.8 Dodging
 + Level 1.6 Stealth
 + Level 1.6 Shields
 + Level 1.6 Unarmed Combat
 + Level 5.2 Spellcasting
 + Level 1.3 Conjurations
 + Level 1.3 Hexes
 + Level 1.3 Summonings
 + Level 1.3 Necromancy
 + Level 5.6 Translocations
 + Level 1.3 Transmutations
 + Level 1.3 Fire Magic
 + Level 1.3 Ice Magic
 + Level 1.3 Air Magic
 + Level 1.3 Earth Magic
 + Level 1.3 Poison Magic
 + Level 1.8 Invocations
 + Level 1.6 Evocations


You had 9 spell levels left.
You knew the following spells:

 Your Spells              Type           Power        Failure   Level
a - Blink                 Tloc           N/A          4%          2
b - Gell's Gravitas       Tloc           11%          9%          3

Your spell library contained the following spells:

 Spells                   Type           Power        Failure   Level
 Lesser Beckoning         Tloc           11%          9%          3
 Teleport Other           Tloc           23%          9%          3
 Passage of Golubria      Tloc           N/A          28%         4


Dungeon Overview and Level Annotations

Branches:
Dungeon (4/15)
 Temple: D:4-7

Altars:

Annotations:
D:2 1 runed translucent door, Crazy Yiuf


Innate Abilities, Weirdness & Mutations

Your experience applies equally to all skills.
You have very sharp teeth.
Your uncanny sense of smell can sniff out nearby items.


Message History

You bite the orc wizard, but do no damage.
The orc wizard is heavily wounded.
You hit the worker ant. You hit the orc priest. You barely miss something.
The worker ant misses you.
The orc wizard hits you but does no damage.
The orc priest looks encouraged for a moment.
Something hits you.
* * * LOW HITPOINT WARNING * * *
The worker ant bites you.
* * * LOW HITPOINT WARNING * * *
An ogre comes into view. It is wielding a +0 giant club.
The orc priest hits you but does no damage.
The orc wizard misses you.
The orc wizard hits you but does no damage.
The orc priest calls upon Beogh to heal the orc wizard.
The orc wizard is healed somewhat.
You hear a shout!
There is a stone staircase leading up, spattered with blood here.
The worker ant bites you!
You die...

#.... ... ...
#...## ... ...
#....#..### ....
#....#......
.....#...........
#....#..........#
#..............O.
#................
#....<.@B.l......
#.......o.o..?...
#.....#..........
?................
.................
........#........
........#........
........#....####
.......######


You could see an iguana, a worker ant, an orc priest and an orc wizard.

Vanquished Creatures
  An orc priest (D:3)
  2 orc wizards (D:3)
  A worker ant (D:3)
  3 adders
  An ooze (D:1)
  2 worms
  2 dart slugs
  2 leopard geckos (D:1)
  4 orcs (D:3)
  3 bats
  A giant cockroach (D:1)
  2 goblins
  4 hobgoblins
  5 kobolds
  A quokka (D:3)
  A ball python (D:3)
  7 frilled lizards
  7 rats
49 creatures vanquished.

Notes
Turn   | Place    | Note
-------+----------+-------------------------------------------
     0 | D:1      | jlumianski the Gnoll Warper began the quest for the Orb.
     0 | D:1      | Reached XP level 1. HP: 20/20 MP: 6/6
   227 | D:1      | Reached XP level 2. HP: 16/26 MP: 7/7
   230 | D:1      | Learned a level 2 spell: Blink
  1044 | D:1      | Reached XP level 3. HP: 29/31 MP: 9/9
  1048 | D:1      | Learned a level 3 spell: Gell's Gravitas
  1332 | D:2      | Reached skill level 5 in Spellcasting
  1592 | D:2      | Reached skill level 1 in Invocations
  2109 | D:2      | Reached skill level 1 in Short Blades
  2109 | D:2      | Reached skill level 1 in Long Blades
  2109 | D:2      | Reached skill level 1 in Maces & Flails
  2109 | D:2      | Reached skill level 1 in Polearms
  2109 | D:2      | Reached skill level 1 in Staves
  2109 | D:2      | Reached skill level 1 in Slings
  2109 | D:2      | Reached skill level 1 in Bows
  2109 | D:2      | Reached skill level 1 in Crossbows
  2109 | D:2      | Reached skill level 1 in Stealth
  2109 | D:2      | Reached skill level 1 in Shields
  2109 | D:2      | Reached skill level 1 in Unarmed Combat
  2109 | D:2      | Reached skill level 1 in Evocations
  2365 | D:2      | Found a runed translucent door.
  2404 | D:2      | Reached XP level 4. HP: 32/38 MP: 11/11
  2607 | D:2      | Noticed Crazy Yiuf
  3067 | D:3      | Reached skill level 1 in Conjurations
  3067 | D:3      | Reached skill level 1 in Hexes
  3067 | D:3      | Reached skill level 1 in Summonings
  3067 | D:3      | Reached skill level 1 in Necromancy
  3067 | D:3      | Reached skill level 1 in Transmutations
  3067 | D:3      | Reached skill level 1 in Fire Magic
  3067 | D:3      | Reached skill level 1 in Ice Magic
  3067 | D:3      | Reached skill level 1 in Air Magic
  3067 | D:3      | Reached skill level 1 in Earth Magic
  3067 | D:3      | Reached skill level 1 in Poison Magic
  3076 | D:3      | Reached XP level 5. HP: 29/43 MP: 2/12
  3952 | D:4      | Noticed an ogre
  3955 | D:4      | Slain by a worker ant

Illustrated notes

Levels and vault maps discovered:
D:1:      minmay_arrival_glassed_features, layout_basic, serial_park_tiny_2
D:2:      layout_loops_corners, uniq_crazy_yiuf_cottage
D:3:      layout_basic, minmay_misc_feat_chi
D:4:      layout_basic, nicolae_ossuary_entry_false_entrances, minmay_cupped

Skill      XL: |  1  2  3  4  5 |
---------------+----------------+-----
Spellcasting   | 5 |  5.2
Invocations    | 1 |  1.8
Short Blades   | 1 |  1.6
Long Blades    | 1 |  1.6
Maces & Flails | 1 |  1.6
Polearms       | 1 |  1.6
Staves         | 1 |  1.6
Slings         | 1 |  1.6
Bows           | 1 |  1.6
Crossbows      | 1 |  1.6
Stealth        | 1 |  1.6
Shields        | 1 |  1.6
Unarmed Combat | 1 |  1.6
Evocations     | 1 |  1.6
Conjurations   | 1 |  1.3
Hexes          | 1 |  1.3
Summonings     | 1 |  1.3
Necromancy     | 1 |  1.3
Transmutations | 1 |  1.3
Fire Magic     | 1 |  1.3
Ice Magic      | 1 |  1.3
Air Magic      | 1 |  1.3
Earth Magic    | 1 |  1.3
Poison Magic   | 1 |  1.3
Throwing       | 3 |  3.0
Armour         | 3 |  3.0
Fighting       | |  4.8
Axes           | |  4.8
Dodging        | |  4.8
Translocations | |  5.6

Action                   |  1- 3 |  4- 6 || total
-------------------------+-------+-------++-------
Melee: Hand axe          |   117 |    52 ||   169
       Bite              |     9 |     6 ||    15
       War axe           |       |     5 ||     5
Throw: Stone             |     7 |       ||     7
       Dart              |       |     9 ||     9
 Cast: Gell's Gravitas   |     2 |     1 ||     3
       Blink             |     1 |     3 ||     4
Evoke: Wand              |     2 |       ||     2
  Use: Scroll            |     6 |     2 ||     8
       Potion            |     2 |       ||     2
Armor: Leather armour    |    16 |       ||    16
       Ring mail         |     8 |    22 ||    30
Dodge: Dodged            |    76 |    47 ||   123
